[Event "Team 45 45 League T69"]
[Site "Internet Chess Club"]
[Date "2016.07.16"]
[Round "6"]
[White "watkins"]
[Black "az2112"]
[Result "0-1"]
[WhiteElo "1512"]
[BlackElo "1618"]
[Opening "Queen's pawn: London system"]
[ECO "A45"]
[Time "11:00:36"]
[TimeControl "2700+45"]

1. d4 Nf6 2. Bf4 d6 3. Nf3 g6 4. e3 Bg7 5. Be2 O-O 6. Nbd2 Nbd7 7. h4 Nh5 8. g4
Nxf4 9. exf4 e5 10. fxe5 dxe5 11. Ne4 exd4 12. Nxd4 Ne5 13. c3 Re8 14. h5 Qd5
15. f3 Nxg4 16. fxg4 Qxe4 17. Rf1 Bxg4 18. hxg6 hxg6 19. Qb3 Re7 20. O-O-O Bh6+
{White resigns} 0-1

[Event "Team 45 45 League T69"]
[Site "Internet Chess Club"]
[Date "2016.07.14"]
[Round "6"]
[White "MikeTtheGuru"]
[Black "Knight77"]
[Result "1-0"]
[WhiteElo "2008"]
[BlackElo "1784"]
[Opening "English opening"]
[ECO "A16"]
[Time "22:12:30"]
[TimeControl "2700+45"]

1. c4 Nf6 2. Nc3 g6 3. g3 Bg7 4. Bg2 e5 5. Nf3 d6 6. d4 exd4 7. Nxd4 O-O 8. O-O
c6 9. e4 Nbd7 10. b3 Re8 11. h3 h6 12. Re1 Nf8 13. Bb2 g5 14. Qd2 Ng6 15. Rad1
Qc7 16. Ba3 Rd8 17. Nf5 Bf8 18. Nxd6 Qa5 19. Nd5 Qxa3 20. Nxf6+ Kh8 21. Nxf7+
Kg7 22. Nh5+ Kxf7 23. Qxd8 Be7 24. Qd4 {Black resigns} 1-0

[Event "Team 45 45 League T69"]
[Site "Internet Chess Club"]
[Date "2016.07.18"]
[Round "6"]
[White "cityprosecutor"]
[Black "laurenpar"]
[Result "0-1"]
[WhiteElo "1722"]
[BlackElo "1895"]
[Opening "French: King's Indian attack"]
[ECO "C00"]
[Time "22:31:14"]
[TimeControl "2700+45"]

1. e4 e6 2. d3 d5 3. Nd2 c5 4. g3 Nc6 5. Bg2 Nf6 6. f4 dxe4 7. dxe4 b6 8. Ne2
Ng4 9. O-O Ne3 10. Qe1 Nxc2 11. Qf2 Nxa1 12. e5 Bb7 13. f5 Qd7 14. f6 O-O-O 15.
Nc4 g6 16. Nc3 Qd4 17. Nd6+ Bxd6 18. Be3 Bxe5 19. Rxa1 Qxe3 {White resigns} 0-1

[Event "Team 45 45 League T69"]
[Site "Internet Chess Club"]
[Date "2016.07.17"]
[Round "6"]
[White "pishd"]
[Black "Frankly"]
[Result "1/2-1/2"]
[WhiteElo "1792"]
[BlackElo "1762"]
[Opening "King's Indian: East Indian defense"]
[ECO "A48"]
[Time "12:20:53"]
[TimeControl "2700+45"]

1. d4 Nf6 2. Nf3 g6 3. e3 Bg7 4. Be2 d6 5. O-O O-O 6. c4 c5 7. Nc3 Bf5 8. Qb3 b6
9. a4 Nc6 10. d5 Nb4 11. Ne1 Re8 12. f3 Bd7 13. e4 e6 14. Bg5 Qc7 15. Nd3 exd5
16. Nxb4 cxb4 17. Nxd5 Nxd5 18. cxd5 Qc5+ 19. Kh1 Qd4 20. Rab1 f5 21. Be3 Qe5
22. Bd3 fxe4 23. fxe4 Qh5 24. Qxb4 Qg4 25. Bf4 Be5 26. Bxe5 dxe5 27. Rf3 Rf8 28.
Rbf1 Rxf3 29. Rxf3 Qg5 30. Bc4 Kg7 31. b3 Rc8 32. d6 a5 33. Qe1 Kh6 34. Qe3 Qxe3
35. Rxe3 b5 36. Bf1 bxa4 37. bxa4 Rc1 {Game drawn by mutual agreement} 1/2-1/2

[Event "Team 45 45 League T69"]
[Site "Internet Chess Club"]
[Date "2016.07.18"]
[Round "6"]
[White "Constrictor"]
[Black "elmaestro"]
[Result "1/2-1/2"]
[WhiteElo "1593"]
[BlackElo "1724"]
[Opening "Petrov: Kaufmann attack"]
[ECO "C42"]
[Time "20:04:41"]
[TimeControl "2700+45"]

1. e4 e5 2. Nf3 Nf6 3. Nxe5 d6 4. Nf3 Nxe4 5. c4 Qe7 6. Be2 Qd7 7. b3 Be7 8. Bb2
Bf6 9. Qc2 Bxb2 10. Qxb2 O-O 11. O-O b6 12. Nc3 Bb7 13. Nxe4 Bxe4 14. Qd4 Bg6
15. Nh4 Nc6 16. Qf4 Rae8 17. Bg4 Qe7 18. Nf5 Bxf5 19. Bxf5 Qf6 20. Qg4 Ne5 21.
Qh3 g6 22. Bc2 Nc6 23. Rae1 Nd4 24. Bb1 Re7 25. Rxe7 Qxe7 26. Qe3 Ne2+ 27. Kh1
Re8 28. Bd3 Qd7 29. Qf3 Nd4 30. Qd5 c5 31. f4 {Game drawn by mutual agreement}
1/2-1/2

[Event "Team 45 45 League T69"]
[Site "Internet Chess Club"]
[Date "2016.07.18"]
[Round "6"]
[White "QuieroAprender"]
[Black "idjit"]
[Result "1-0"]
[WhiteElo "1610"]
[BlackElo "1528"]
[Opening "French: Paulsen variation"]
[ECO "C10"]
[Time "17:32:30"]
[TimeControl "2700+45"]

1. e4 e6 2. d4 d5 3. Nc3 Nc6 4. Be3 Nf6 5. e5 Nd7 6. f4 Be7 7. Qd2 O-O 8. a3 Nb6
9. Nf3 Na5 10. b3 f6 11. Be2 fxe5 12. Nxe5 Nc6 13. O-O Nxe5 14. fxe5 Nd7 15.
Rxf8+ Bxf8 16. Rf1 c5 17. Bg4 Qe8 18. Nb5 Qg6 19. Qf2 cxd4 20. Nxd4 Bxa3 21.
Bxe6+ Kh8 22. Bxd5 h6 23. Bf7 Qe4 24. Re1 Qxe5 25. Bxh6 Qxd4 26. Qxd4 Bc5 27.
Bxg7+ Kh7 28. Re8 {Black resigns} 1-0

[Event "Team 45 45 League T69"]
[Site "Internet Chess Club"]
[Date "2016.07.15"]
[Round "6"]
[White "Gojira"]
[Black "drsigmund1"]
[Result "1-0"]
[WhiteElo "1608"]
[BlackElo "1468"]
[Opening "Queen's pawn"]
[ECO "A40"]
[Time "18:00:12"]
[TimeControl "2700+45"]

1. d4 e6 2. Bf4 f5 3. e3 Nf6 4. Nd2 Be7 5. h3 O-O 6. Bd3 b6 7. Ngf3 Bb7 8. c3
Ne4 9. O-O Bd6 10. Bxe4 fxe4 11. Bxd6 Rxf3 12. gxf3 cxd6 13. Nxe4 Qh4 14. Kh2
Bxe4 15. fxe4 Qxe4 16. Rg1 Nc6 17. Rg4 Qf5 18. Rf4 Qb5 19. b3 Ne7 20. c4 Qc6 21.
Qf3 d5 22. Rg1 Ng6 23. Rfg4 Rf8 24. cxd5 Qc7+ 25. Qg3 Qc2 26. dxe6 dxe6 27. Rg2
Qxa2 28. Rxg6 hxg6 29. Qxg6 Rf7 30. Qxe6 Qc2 31. f4 Qh7 32. d5 Qd3 33. d6 a5 34.
Qe8+ Rf8 35. d7 Qb5 {Black resigns} 1-0

[Event "Team 45 45 League T69"]
[Site "Internet Chess Club"]
[Date "2016.07.17"]
[Round "6"]
[White "pcvan"]
[Black "guyd52"]
[Result "0-1"]
[WhiteElo "1462"]
[BlackElo "1342"]
[Opening "Pirc: Austrian attack, 6.Bd3"]
[ECO "B07"]
[Time "19:03:23"]
[TimeControl "2700+45"]

1. e4 d6 2. d4 g6 3. f4 Bg7 4. Nf3 Nf6 5. Nc3 O-O 6. Bd3 Nbd7 7. O-O Re8 8. Qe1
e5 9. dxe5 dxe5 10. Qh4 Nh5 11. Qf2 Nxf4 12. Bc4 c6 13. g3 Nh3+ 14. Kg2 Nxf2 15.
Rxf2 Bf6 16. Bg5 Kg7 17. Bxf7 Rf8 18. Raf1 Rxf7 19. Nxe5 Nxe5 20. Rxf6 Qf8 21.
Rxf7+ Nxf7 22. e5 Be6 23. Ne4 Qb4 24. Bf6+ Kg8 25. Rf4 Qxb2 {White resigns} 0-1

[Event "Team 45 45 League T69"]
[Site "Internet Chess Club"]
[Date "2016.07.15"]
[Round "6"]
[White "bhandelman"]
[Black "olivermx"]
[Result "0-1"]
[WhiteElo "1324"]
[BlackElo "1351"]
[Opening "English opening"]
[ECO "A20"]
[Time "09:02:38"]
[TimeControl "2700+45"]

1. c4 e5 2. g3 Nf6 3. Bg2 c6 4. Nc3 d5 5. d3 Bb4 6. a3 Be7 7. Nf3 d4 8. Ne4 Nxe4
9. dxe4 Qc7 10. e3 c5 11. exd4 cxd4 12. b3 Bg4 13. O-O O-O 14. h3 Bxf3 15. Qxf3
Nd7 16. Bb2 Nf6 17. Rac1 Rac8 18. b4 b6 19. Qe2 Qd7 20. Rfd1 Rc7 21. f4 Bd6 22.
fxe5 Bxe5 23. Qf2 Rd8 24. Rd2 Qd6 25. Rcd1 Bxg3 26. Qxd4 Qxd4+ 27. Rxd4 Rxd4 28.
Bxd4 Rd7 29. Kf1 Be5 30. c5 Rxd4 31. Rxd4 Bxd4 32. c6 Be5 33. Ke2 Kf8 34. b5 Ke7
35. Kd3 Nh5 36. Kc4 Bc7 37. Kd5 Nf4+ 38. Kd4 Nxg2 39. e5 Ke6 40. a4 h5 41. a5 g5
{White resigns} 0-1

[Event "Team 45 45 League T69"]
[Site "Internet Chess Club"]
[Date "2016.07.18"]
[Round "6"]
[White "zorori"]
[Black "nosir"]
[Result "1-0"]
[WhiteElo "1678"]
[BlackElo "1524"]
[Opening "Petrov: Nimzovich attack"]
[ECO "C42"]
[Time "18:30:31"]
[TimeControl "2700+45"]

1. e4 e5 2. Nf3 Nf6 3. Nxe5 d6 4. Nf3 Nxe4 5. Nc3 d5 6. Qe2 Be6 7. Nxe4 dxe4 8.
Qxe4 c6 9. Bc4 Qe7 10. O-O Bxc4 11. Qxc4 Qc7 12. d3 Be7 13. Qg4 O-O 14. Bf4 Qd8
15. Rfe1 Re8 16. Ng5 Nd7 17. Qh5 Bxg5 18. Bxg5 Rxe1+ 19. Rxe1 Nf6 20. Qh4 Qd6
21. Re3 Re8 22. Qh3 Rxe3 23. Qxe3 h6 24. Qf4 Qxf4 25. Bxf4 Nd5 26. Bb8 a6 27. a3
f5 28. Kf1 Kf7 29. Ke2 g6 30. d4 Ke6 31. Kd3 g5 32. c4 Ne7 33. b4 b6 34. c5 b5
35. Kc3 Kd5 36. Be5 h5 37. Bf6 Ng6 38. Bxg5 Ke4 39. f3+ Kd5 40. Bf6 Nf4 41. g3
Ne2+ 42. Kd3 Nc1+ 43. Kd2 Nb3+ 44. Kc3 Nc1 45. Be5 Ne2+ 46. Kd3 Nc1+ 47. Kd2
Nb3+ 48. Kc3 Nc1 49. h3 f4 50. gxf4 Ne2+ 51. Kd3 Ng1 52. Ke3 Nxh3 53. f5 Ng5 54.
Kf4 Nf7 55. Kg3 Nxe5 56. dxe5 Kxe5 57. Kh4 Kxf5 58. Kxh5 Kf4 59. Kg6 Kxf3 60.
Kf5 Ke3 61. Ke5 Kd3 62. Kd6 Kc4 63. Kxc6 Kb3 64. Kb6 Kxa3 65. c6 Kxb4 66. c7 Ka4
67. c8=Q b4 68. Qxa6+ Kb3 69. Qd3+ Ka4 70. Qb1 b3 71. Kc5 Ka3 72. Kc4 b2 73. Kc3
{Black resigns} 1-0

[Event "Team 45 45 League T69"]
[Site "Internet Chess Club"]
[Date "2016.07.15"]
[Round "6"]
[White "rubo"]
[Black "houseofcook"]
[Result "1-0"]
[WhiteElo "1577"]
[BlackElo "1405"]
[Opening "French: advance, Milner-Barry gambit"]
[ECO "C02"]
[Time "14:00:30"]
[TimeControl "2700+45"]

1. e4 e6 2. d4 d5 3. e5 c5 4. c3 Qb6 5. Nf3 Nc6 6. Bd3 cxd4 7. cxd4 Bd7 8. O-O
Nxd4 9. Nxd4 Qxd4 10. Nc3 a6 11. Qe2 Ne7 12. Kh1 Nc6 13. f4 Bc5 14. Rd1 Qb4 15.
a3 Qa5 16. Bd2 Qd8 17. Qg4 g6 18. Rac1 h5 19. Qg3 Qe7 20. Na4 Ba7 21. b4 Nxb4
22. Bxb4 Qd8 23. Nc5 Bc6 24. Nxa6 Ba4 25. Nc7+ Kd7 26. Nxa8 Qxa8 27. Qg5 Re8 28.
Qf6 {Black resigns} 1-0

[Event "Team 45 45 League T69"]
[Site "Internet Chess Club"]
[Date "2016.07.16"]
[Round "6"]
[White "rkjulianjr"]
[Black "supraholic"]
[Result "0-1"]
[WhiteElo "1327"]
[BlackElo "1429"]
[Opening "QGD: exchange, positional line"]
[ECO "D35"]
[Time "13:31:06"]
[TimeControl "2700+45"]

1. d4 d5 2. c4 e6 3. Nc3 Nf6 4. cxd5 exd5 5. Bg5 Be7 6. e3 h6 7. Bh4 O-O 8. Bd3
b6 9. Qc2 Bb7 10. f3 c5 11. Bf5 Nbd7 12. O-O-O Rc8 13. Nge2 g6 14. Bxg6 fxg6 15.
Qxg6+ Kh8 16. Qxh6+ Kg8 17. Qg6+ Kh8 18. Nf4 Qe8 19. Qh6+ Kg8 20. Ng6 Kf7 21.
Bxf6 Nxf6 22. Ne5+ Ke6 23. Qh3+ Kd6 24. Nb5+ Qxb5 25. Kb1 cxd4 26. exd4 Kc7 27.
Qe6 Ba3 28. b3 Qe2 29. Nd3 Qxe6 {White resigns} 0-1

[Event "Team 45 45 League T69"]
[Site "Internet Chess Club"]
[Date "2016.07.14"]
[Round "6"]
[White "g8wrb"]
[Black "JohLeb"]
[Result "0-1"]
[WhiteElo "1271"]
[BlackElo "1417"]
[Opening "Sicilian: Alapin's variation (2.c3)"]
[ECO "B22"]
[Time "14:30:28"]
[TimeControl "2700+45"]

1. e4 c5 2. c3 d6 3. d4 cxd4 4. cxd4 Nc6 5. Nf3 Nf6 6. Nc3 a6 7. Bd3 g6 8. O-O
Bg7 9. Re1 Bg4 10. Be3 Bxf3 11. Qxf3 Nd7 12. d5 Nce5 13. Qe2 Nxd3 14. Qxd3 O-O
15. Bg5 Ne5 16. Qg3 h6 17. Bf4 Nc4 18. b3 Ne5 19. Rac1 Rc8 20. Qh3 h5 21. Be3
Nd3 22. Bb6 Qxb6 23. Qxd3 Qd4 24. Qxd4 Bxd4 25. Ne2 Bb2 26. Rc4 b5 27. Rc6 Rxc6
28. dxc6 Rc8 29. Rb1 Ba3 30. Nd4 Bc5 31. Rd1 Bxd4 32. Rxd4 Rxc6 33. f4 Rc1+ 34.
Kf2 Rc2+ 35. Kf3 Rxa2 36. e5 dxe5 37. fxe5 Rb2 38. Rd3 Rc2 39. h3 b4 40. g4 Rc3
41. Re3 Rxe3+ 42. Kxe3 hxg4 43. hxg4 f5 44. gxf5 gxf5 45. Kd4 Kf7 46. Kc4 a5 47.
Kb5 f4 48. Kxa5 f3 49. Kxb4 f2 {White resigns} 0-1

[Event "Team 45 45 League T69"]
[Site "Internet Chess Club"]
[Date "2016.07.17"]
[Round "6"]
[White "Innes"]
[Black "Mitochondria"]
[Result "0-1"]
[WhiteElo "1448"]
[BlackElo "1590"]
[Opening "French: exchange variation"]
[ECO "C01"]
[Time "17:01:51"]
[TimeControl "2700+45"]

1. e4 e6 2. d4 d5 3. exd5 exd5 4. Bd3 Bd6 5. h3 Nf6 6. Qf3 c6 7. Ne2 Nbd7 8. O-O
O-O 9. Nbc3 Re8 10. Ng3 Qb6 11. Nf5 Qc7 12. Nxd6 Qxd6 13. Bf4 Qb4 14. Rab1 Qxd4
15. Ne2 Qb6 16. Ng3 Ne5 17. Bxe5 Rxe5 18. Rfe1 Qc7 19. Kf1 Be6 20. Nf5 Re8 21.
g4 Bxf5 22. Bxf5 Rxe1+ 23. Rxe1 Rxe1+ 24. Kxe1 Qe5+ 25. Kf1 Qxb2 26. g5 Qc1+ 27.
Ke2 Qxg5 28. Bc8 Qe5+ 29. Kf1 Qc7 30. Bf5 d4 31. Bd3 c5 32. Qf5 Qc6 33. Qe5 g6
34. Bc4 Qh1+ 35. Ke2 Qe4+ 36. Qxe4 Nxe4 37. f3 Nd6 38. Bd5 b6 39. Kd3 Nb5 40.
Bc6 Nc3 41. a4 a5 42. f4 Na2 43. Ke4 Nb4 44. Ke5 Nxc6+ {White resigns} 0-1

[Event "Team 45 45 League T69"]
[Site "Internet Chess Club"]
[Date "2016.07.16"]
[Round "6"]
[White "bmw2002"]
[Black "isolani"]
[Result "1-0"]
[WhiteElo "1449"]
[BlackElo "1433"]
[Opening "English, 1...Nf6 (Anglo-Indian defense)"]
[ECO "A15"]
[Time "16:00:46"]
[TimeControl "2700+45"]

1. c4 Nf6 2. g3 g6 3. Bg2 Bg7 4. Nc3 O-O 5. Nf3 d6 6. O-O e5 7. e4 Nc6 8. d3 Bg4
9. h3 Be6 10. Be3 a6 11. Rc1 Rc8 12. Nd5 Bxd5 13. cxd5 Nb4 14. a3 Nbxd5 15. exd5
Nxd5 16. Nd2 Nxe3 17. fxe3 d5 18. Qb3 {Black resigns} 1-0

[Event "Team 45 45 League T69"]
[Site "Internet Chess Club"]
[Date "2016.07.17"]
[Round "6"]
[White "Andressa"]
[Black "chuckh2"]
[Result "0-1"]
[WhiteElo "1440"]
[BlackElo "1412"]
[Opening "French: exchange variation"]
[ECO "C01"]
[Time "18:12:22"]
[TimeControl "2700+45"]

1. e4 e6 2. d4 d5 3. exd5 exd5 4. Nf3 Bd6 5. Nc3 c6 6. Bd3 Ne7 7. O-O O-O 8. Re1
Bf5 9. Ng5 g6 10. Bxf5 Nxf5 11. Be3 Nxe3 12. Ne6 Nxd1 13. Nxd8 Rxd8 14. Raxd1
Nd7 15. g3 Re8 16. Ne2 Re7 17. Kf1 Rae8 18. f4 Bb4 19. c3 Bd6 20. b3 Nf6 21. h3
Ne4 22. b4 f5 23. a3 h6 24. g4 fxg4 25. hxg4 h5 26. gxh5 gxh5 27. Rd3 Rh7 28.
Ng3 h4 29. Nf5 Bxf4 30. Rf3 Nd2+ 31. Kf2 Rxe1 {White resigns} 0-1

[Event "Team 45 45 League T69"]
[Site "Internet Chess Club"]
[Date "2016.07.16"]
[Round "6"]
[White "artspir"]
[Black "Andaluz"]
[Result "0-1"]
[WhiteElo "1165"]
[BlackElo "1375"]
[Opening "Modern defense"]
[ECO "A40"]
[Time "14:00:28"]
[TimeControl "2700+45"]

1. d4 g6 2. Nf3 Bg7 3. Bf4 d6 4. e3 Nd7 5. Nbd2 e5 6. dxe5 dxe5 7. Bg3 Qe7 8. e4
Ngf6 9. Bd3 O-O 10. O-O h6 11. h3 Nh5 12. Bh2 Nhf6 13. Nc4 Nh7 14. c3 a5 15. a4
Rd8 16. b4 b6 17. Ne3 Bb7 18. Qc2 Rdc8 19. Nd5 Bxd5 20. exd5 axb4 21. Rfe1 bxc3
22. Bc4 Ng5 23. Nd4 Qc5 24. Qxc3 Qxd4 25. Qxd4 exd4 26. Re7 Nc5 27. d6 cxd6 28.
Bxd6 Bf8 29. Bxc5 bxc5 30. Re5 Bg7 31. Rd5 d3 32. Rd1 d2 33. R1xd2 Bd4 34. Rd6
Ne4 35. Rxg6+ Kh7 36. Bd3 Nxd2 37. Rf6+ Kg7 38. Rf4 Rxa4 39. g4 Ra3 40. Bf5 Rxh3
41. Kg2 Ra3 42. g5 hxg5 43. Rg4 Kh6 44. Bxc8 Rf3 45. Bf5 Rxf5 {White resigns}
0-1

[Event "Team 45 45 League T69"]
[Site "Internet Chess Club"]
[Date "2016.07.13"]
[Round "6"]
[White "RD1974"]
[Black "cityprosecutor"]
[Result "1-0"]
[WhiteElo "1735"]
[BlackElo "1731"]
[Opening "Sicilian defense"]
[ECO "B20"]
[Time "18:08:12"]
[TimeControl "2700+45"]

1. e4 c5 2. d3 d6 3. g3 g6 4. Bg2 Bg7 5. Ne2 Nf6 6. h3 Nc6 7. c3 Qc7 8. Be3 O-O
9. Qd2 Re8 10. O-O Rb8 11. f4 b5 12. g4 h5 13. g5 Nh7 14. f5 Ne5 15. b3 Nf8 16.
d4 cxd4 17. cxd4 Ned7 18. Nbc3 Qd8 19. Nf4 e5 20. fxg6 fxg6 21. Nfd5 Ne6 22.
dxe5 Bxe5 23. h4 Bb7 24. Rac1 a6 25. Nf4 Nxf4 26. Bxf4 Nc5 27. Nd5 Bxd5 28.
Qxd5+ Kh8 29. Bxe5+ Rxe5 30. Qf7 Qg8 31. Qf6+ Qg7 32. Qxd6 Rc8 33. Rf6 Qe7 34.
Rxg6 Qxd6 35. Rxd6 Rce8 36. Re1 a5 37. Rf1 Nxe4 38. Bxe4 Rxe4 39. Rh6+ Kg8 40.
Rxh5 Rg4+ 41. Kh2 Re2+ 42. Kh3 Reg2 43. Rf3 Rg1 44. Rh6 Re4 45. Rd3 Reg4 46. Rb6
Rb4 47. Rd8+ Kf7 48. Rd7+ Ke8 49. Rh7 Rh1+ 50. Kg2 {Black resigns} 1-0

[Event "Team 45 45 League T69"]
[Site "Internet Chess Club"]
[Date "2016.07.15"]
[Round "6"]
[White "Hal2001"]
[Black "noblitz-oblige"]
[Result "1/2-1/2"]
[WhiteElo "1625"]
[BlackElo "1463"]
[Opening "Scotch gambit: Benima defense"]
[ECO "C44"]
[Time "09:02:34"]
[TimeControl "2700+45"]

1. e4 e5 2. Nf3 Nc6 3. d4 exd4 4. Bc4 Be7 5. c3 dxc3 6. Qd5 Nh6 7. Bxh6 O-O 8.
Nxc3 gxh6 9. O-O d6 10. Qh5 Be6 11. Nd5 Kh8 12. Nxe7 Qxe7 13. Bxe6 fxe6 14. Qxh6
Rf6 15. Qe3 e5 16. Rac1 Raf8 17. Rc3 Qg7 18. Kh1 Rg6 19. Nh4 Rg4 20. g3 Nd4 21.
f3 Qf6 22. Rxc7 Rg7 23. Rxg7 Qxg7 24. Nf5 Nxf5 25. exf5 b6 26. Qd3 Qd7 27. g4
Rc8 28. Rd1 Qc6 29. Kg2 Qc2+ 30. Qd2 Qxd2+ 31. Rxd2 Rd8 32. Rd5 Kg7 33. g5 Rf8
34. f6+ Kg6 35. h4 Rd8 36. Kg3 Kf5 37. Rd3 h6 38. f7 hxg5 39. hxg5 Kxg5 40. Rxd6
Rf8 41. Rd7 Kf6 42. Rxa7 Rxf7 43. Rxf7+ Kxf7 44. Kg4 Ke6 45. a4 Kd5 46. b4 e4
47. fxe4+ Kxe4 48. a5 bxa5 49. bxa5 Kd5 50. a6 Kc6 51. a7 Kb7 52. a8=Q+ Kxa8
{Game drawn because neither player has mating material} 1/2-1/2

[Event "Team 45 45 League T69"]
[Site "Internet Chess Club"]
[Date "2016.07.17"]
[Round "6"]
[White "chesskix"]
[Black "Constrictor"]
[Result "0-1"]
[WhiteElo "1507"]
[BlackElo "1587"]
[Opening "English: Anglo-Dutch defense"]
[ECO "A10"]
[Time "16:01:38"]
[TimeControl "2700+45"]

1. c4 f5 2. g3 Nf6 3. Bg2 g6 4. Nc3 Bg7 5. d3 O-O 6. Bg5 Nc6 7. e3 d6 8. Nge2 h6
9. Bxf6 Bxf6 10. Nf4 Kh7 11. Bd5 e5 12. Ne6 Bxe6 13. Bxe6 Qe7 14. Bd5 Nd8 15.
Qe2 c6 16. Bf3 Ne6 17. h4 f4 18. O-O-O Rac8 19. Ne4 d5 20. Nxf6+ Qxf6 21. Bg4
Rce8 22. Bxe6 Qxe6 23. h5 g5 24. b3 Rf6 25. e4 d4 26. gxf4 Rxf4 27. f3 Ref8 28.
Rdf1 R8f6 29. Qg2 Qf7 30. Rd1 Rxf3 31. Qb2 Rf1 32. Qa3 Rxh1 33. Rxh1 Rf1+ 34.
Rxf1 Qxf1+ 35. Kb2 Qe2+ 36. Ka1 Qd1+ 37. Kb2 Qd2+ 38. Ka1 Qc3+ 39. Qb2 Qxb2+ 40.
Kxb2 g4 41. Kc2 g3 {White resigns} 0-1

[Event "Team 45 45 League T69"]
[Site "Internet Chess Club"]
[Date "2016.07.15"]
[Round "6"]
[White "andrew37"]
[Black "Elalfer"]
[Result "0-1"]
[WhiteElo "1706"]
[BlackElo "1650"]
[Opening "English: symmetrical, main line with d3"]
[ECO "A38"]
[Time "19:00:12"]
[TimeControl "2700+45"]

1. c4 c5 2. Nf3 Nf6 3. Nc3 Nc6 4. g3 g6 5. Bg2 Bg7 6. O-O O-O 7. d3 d5 8. cxd5
Nxd5 9. Nxd5 Qxd5 10. Nd2 Qd6 11. Nc4 Qc7 12. a3 b5 13. Ne3 e6 14. Rb1 Bb7 15.
Bd2 Nd4 16. Bxb7 Qxb7 17. b4 cxb4 18. Bxb4 Rfc8 19. Qd2 Rc6 20. a4 a6 21. axb5
axb5 22. f3 Rac8 23. Kg2 Bh6 24. Rfc1 Nc2 25. Rxc2 Rxc2 26. Qxc2 Rxc2 27. Nxc2
Qc6 28. Nd4 Qd5 29. Bc3 Qc5 30. Nxb5 Bg7 31. d4 Qc4 32. Kf2 Bf8 33. h4 e5 34.
dxe5 Bc5+ 35. Kf1 Qa2 36. Ra1 Qb3 37. Ra8+ Kg7 38. e6+ Kh6 39. Bd2+ Kg7 40. Nc7
Qb7 41. Ne8+ Kf8 42. Bh6+ Ke7 43. Bg5+ Kxe6 44. Ra6+ Kd5 45. Nf6+ Kc4 46. Ra1
Qb2 47. Rc1+ Kb5 48. Nd5 Qd4 49. Ne3 f6 50. Rb1+ Kc6 51. Bf4 Qd7 52. Ng2 Qh3
{White forfeits on time} 0-1

[Event "Team 45 45 League T69"]
[Site "Internet Chess Club"]
[Date "2016.07.13"]
[Round "6"]
[White "cayo89"]
[Black "FrankNautilus"]
[Result "1-0"]
[WhiteElo "1673"]
[BlackElo "1608"]
[Opening "French: exchange variation"]
[ECO "C01"]
[Time "19:01:22"]
[TimeControl "2700+45"]

1. e4 e6 2. d4 d5 3. exd5 exd5 4. c4 Bb4+ 5. Nc3 Nf6 6. a3 Bxc3+ 7. bxc3 O-O 8.
Bd3 Bg4 9. f3 Bh5 10. Nh3 Nc6 11. Qc2 Bg6 12. cxd5 Qxd5 13. O-O Rad8 14. Nf4 Qd7
15. Nxg6 hxg6 16. Bg5 Qd6 17. Kh1 Rfe8 18. Qb3 b6 19. Bxg6 Re7 20. Rae1 Rde8 21.
Rxe7 Rxe7 22. Be4 Na5 23. Qb4 Rd7 24. Qxd6 Rxd6 25. Bf4 Rd7 26. Be5 Nc4 27. Bxf6
gxf6 28. Bd3 Nxa3 29. Kg1 a6 30. Bxa6 c5 31. dxc5 bxc5 32. g3 Ra7 33. Bd3 Rd7
34. Be4 Nb5 35. Bc6 {Black resigns} 1-0

[Event "Team 45 45 League T69"]
[Site "Internet Chess Club"]
[Date "2016.07.17"]
[Round "6"]
[White "isolani"]
[Black "krysto"]
[Result "0-1"]
[WhiteElo "1417"]
[BlackElo "1611"]
[Opening "Queen's pawn: Torre attack"]
[ECO "A46"]
[Time "09:03:35"]
[TimeControl "2700+45"]

1. Nf3 Nf6 2. d4 e6 3. Bg5 d5 4. e3 Be7 5. Bd3 h6 6. Bh4 O-O 7. Nbd2 c5 8. c3
Nbd7 9. Bg3 b6 10. O-O Bb7 11. h3 Ne4 12. Bxe4 dxe4 13. Ne5 Nf6 14. Rc1 a6 15.
Ng4 Nh5 16. Nxh6+ gxh6 17. Qxh5 Kh7 18. h4 f5 19. Bf4 Rf6 20. Nc4 Bc6 21. g3 Bb5
22. Ne5 Bxf1 23. Bxh6 Be2 24. Qxe2 Rxh6 25. Nf7 Qf8 {White resigns} 0-1

[Event "Team 45 45 League T69"]
[Site "Internet Chess Club"]
[Date "2016.07.17"]
[Round "6"]
[White "scostanzo212"]
[Black "olivermx"]
[Result "1-0"]
[WhiteElo "1536"]
[BlackElo "1343"]
[Opening "QGD: symmetrical (Austrian) defense"]
[ECO "D06"]
[Time "07:34:53"]
[TimeControl "2700+45"]

1. d4 d5 2. c4 c5 3. dxc5 dxc4 4. Qxd8+ Kxd8 5. e4 e6 6. Bxc4 Bxc5 7. Nf3 b6 8.
O-O Bb7 9. Nc3 Bb4 10. Ne5 Ke7 11. f3 Bxc3 12. bxc3 Nc6 13. Ba3+ Ke8 14. Nxc6
Bxc6 15. Rfd1 Ba4 16. Rd4 Rd8 17. Rxd8+ Kxd8 18. Bb3 Bxb3 19. axb3 Nf6 20. Bc1
a5 21. Bf4 Kc8 22. b4 axb4 23. Ra8+ {Black resigns} 1-0

[Event "Team 45 45 League T69"]
[Site "Internet Chess Club"]
[Date "2016.07.13"]
[Round "6"]
[White "DarthDaver"]
[Black "f5"]
[Result "1/2-1/2"]
[WhiteElo "2045"]
[BlackElo "2075"]
[Opening "Sicilian: Sveshnikov variation"]
[ECO "B33"]
[Time "20:30:11"]
[TimeControl "2700+45"]

1. e4 c5 2. Nf3 Nc6 3. d4 cxd4 4. Nxd4 Nf6 5. Nc3 e5 6. Ndb5 d6 7. Bg5 a6 8. Na3
b5 9. Bxf6 gxf6 10. Nd5 f5 11. c3 Bg7 12. Bd3 Be6 13. Nxb5 Bxd5 14. exd5 Ne7 15.
Na3 O-O 16. O-O f4 17. Qe2 f5 18. f3 Kh8 19. c4 Rf6 20. Rab1 Rh6 21. Nc2 a5 22.
Na3 e4 23. fxe4 Bd4+ 24. Kh1 Nxd5 25. Rf3 Ne3 26. Nc2 Rxh2+ 27. Kxh2 Ng4+ 28.
Kh1 Qh4+ 29. Rh3 Nf2+ 30. Kh2 Ng4+ 31. Kh1 {Game drawn by mutual agreement}
1/2-1/2

[Event "Team 45 45 League T69"]
[Site "Internet Chess Club"]
[Date "2016.07.17"]
[Round "6"]
[White "primerpaso"]
[Black "alexping"]
[Result "0-1"]
[WhiteElo "1802"]
[BlackElo "1966"]
[Opening "English opening"]
[ECO "A10"]
[Time "13:02:27"]
[TimeControl "2700+45"]

1. c4 b6 2. Nc3 Bb7 3. d4 c5 4. d5 d6 5. g3 g6 6. Bg2 Bg7 7. e4 Nd7 8. Nge2 Ba6
9. b3 b5 10. cxb5 Bxb5 11. Bd2 Ba6 12. f4 h5 13. O-O Rb8 14. Rb1 Nh6 15. h3 Bd3
16. Rc1 f5 17. Be3 Ba6 18. Re1 O-O 19. Qd2 Qa5 20. Kh2 Qb4 21. Qc2 Nf6 22. Bd2
Qb6 23. e5 Nd7 24. e6 Nf6 25. Be3 Nhg4+ 26. hxg4 Nxg4+ 27. Kh3 Nxe3 28. Qd2 Ng4
29. Bf3 Nf2+ {White resigns} 0-1

[Event "Team 45 45 League T69"]
[Site "Internet Chess Club"]
[Date "2016.07.19"]
[Round "6"]
[White "LarsenB"]
[Black "VictorRed"]
[Result "1-0"]
[WhiteElo "1805"]
[BlackElo "1729"]
[Opening "QGD semi-Slav"]
[ECO "D43"]
[Time "12:00:09"]
[TimeControl "2700+45"]

1. d4 d5 2. c4 c6 3. Nc3 Nf6 4. Nf3 e6 5. Bg5 Be7 6. e3 O-O 7. Qc2 Nbd7 8. O-O-O
h6 9. h4 Re8 10. Bxf6 Nxf6 11. Ne5 Nd7 12. Nf3 a5 13. g4 dxc4 14. Bxc4 b5 15.
Be2 Bb7 16. g5 h5 17. Ne5 Nxe5 18. dxe5 Qc7 19. f4 b4 20. Ne4 c5 21. Nf6+ Bxf6
22. gxf6 Bxh1 23. Rg1 Rec8 24. Rxg7+ Kf8 25. Qh7 Ke8 26. Bb5+ Bc6 27. Qg8+
{Black resigns} 1-0